 Dungeon Crawl Stone Soup version 0.29.0-11-gd7f09526c8 (webtiles) character file.

Game seed: 18248376497929255590

115 Zeldest the Ruffian (level 4, -4/45 HPs)
             Began as a Troll Chaos Knight on Sept 6, 2022.
             Was a Plaything of Xom.
             Slain by Edmund
             ... wielding a +1 dire flail of protection
              (8 damage)
             ... on level 3 of the Dungeon.
             The game lasted 00:02:16 (2160 turns).

Zeldest the Ruffian (Troll Chaos Knight)            Turns: 2160, Time: 00:02:16

Health: -4/45      AC:  8    Str: 22    XL:     4   Next: 68%
Magic:  3/3        EV:  9    Int:  8    God:    Xom [...*..]
Gold:   88         SH:  0    Dex:  9    Spells: 3/3 levels left

rFire   . . .      SeeInvis .     - Unarmed
rCold   . . .      Faith    .   (no shield)
rNeg    . . .      Spirit   .   a - +2 robe
rPois   .          Reflect  .   (helmet restricted)
rElec   .          Harm     .   (no cloak)
rCorr   .          Rampage  .   (gloves unavailable)
Will    .....                   (boots unavailable)
Stlth   +.........              (no amulet)
HPRegen 0.95/turn               (no ring)
MPRegen 0.08/turn               (no ring)

@: no status effects
A: large, unfitting armour, claws 3, regeneration 1, shaggy fur 1, tough skin 1,
talons 1, iridescent scales 1
a: Renounce Religion


You were on level 3 of the Dungeon.
You worshipped Xom.
You were a favourite toy of Xom.
You visited 1 branch of the dungeon, and saw 4 of its levels.

You collected 88 gold pieces.

Inventory:

Armour
 a - a +2 robe (worn)
Jewellery
 s - a +6 ring of intelligence
Wands
 r - a wand of roots (11)
Scrolls
 d - a scroll of amnesia {unknown}
 e - 4 scrolls of identify {unknown}
 f - a scroll of teleportation {unknown}
 l - a scroll of vulnerability {unknown}
 t - a scroll of butterflies {unknown}
 u - a scroll of brand weapon {unknown}
Potions
 c - 2 potions of ambrosia {unknown}
 g - a potion of lignification {unknown}
 i - a potion of heal wounds {unknown}
 k - a potion of brilliance {unknown}
 m - 3 potions of curing {unknown}
 n - a potion of attraction {unknown}
 o - a potion of cancellation {unknown}
 p - a potion of invisibility {unknown}
 q - a potion of might {unknown}
Miscellaneous
 b - a piece from Xom's chessboard (15/15) (quivered)
 j - a phantom mirror (inert)


   Skills:
 + Level 3.0 Fighting
 + Level 1.7 Throwing
 - Level 1.9 Dodging
 * Level 4.4 Unarmed Combat


You had 3 spell levels left.
You didn't know any spells.
Your spell library contained the following spells:

 Spells                   Type           Power      Damage    Failure   Level
 Ozocubu's Armour         Ice            0%         N/A       78%         3
 Metabolic Englaciation   Hex/Ice        0%         N/A       100%        5
 Simulacrum               Ice/Necr       0%         N/A       100%        6


Dungeon Overview and Level Annotations

Branches:
Dungeon (4/15) Zot: 21850
 Temple: D:4-7

Altars:
Xom

Annotations:
D:3 Edmund


Innate Abilities, Weirdness & Mutations

You are too large for most types of armour.
You have claws for hands.
Your natural rate of healing is unusually fast.
You are covered in fur. (AC +1)
You have tough skin. (AC +1)
You have sharp toenails.
You are partially covered in iridescent scales. (AC +2)


Message History

Aim: Edmund, wielding a +1 dire flail of protection and wearing a +2 chain mail of poison resistance (will become a steam dragon, a wolf, or a wyvern, chance to affect: 49%) Edmund resists with some effort.
Edmund hits you with a +1 dire flail of protection!
* * * LOW HITPOINT WARNING * * *
Aiming: Polymorph
Press: ? - help, Shift-Dir - straight line, f/p - Edmund
Aim: Edmund, wielding a +1 dire flail of protection and wearing a +2 chain mail of poison resistance (will become a steam dragon, a wolf, or a wyvern, chance to affect: 49%) Edmund resists with some effort.
Edmund hits you with a +1 dire flail of protection.
* * * LOW HITPOINT WARNING * * *
Okay, then.
Aiming: Polymorph
Press: ? - help, Shift-Dir - straight line, f/p - Edmund
Aim: Edmund, wielding a +1 dire flail of protection and wearing a +2 chain mail of poison resistance (will become a steam dragon, a wolf, or a wyvern, chance to affect: 49%) Edmund resists with some effort.
The now-empty wand crumbles to dust.
Edmund completely misses you.
You don't have any such object.
Evoke which item? (* to show all) (? for menu, Esc to quit)
Okay, then.
Aiming: Phantom Mirror
Press: ? - help, Dir - move target, f/p - Edmund
Aim: Edmund, wielding a +1 dire flail of protection and wearing a +2 chain mail of poison resistance You reflect Edmund with the mirror!
The mirror clouds!
Edmund hits Edmund but does no damage.
Edmund closely misses you.
Edmund barely misses Edmund.
Edmund hits Edmund with a +1 dire flail of protection!
Edmund hits you with a +1 dire flail of protection.
* * * LOW HITPOINT WARNING * * *
Edmund attacks as you move away!
Edmund hits you with a +1 dire flail of protection.
* * * LOW HITPOINT WARNING * * *
Edmund hits Edmund but does no damage.
Aiming: Fastroot
Press: ? - help, Shift-Dir - straight line, f/p - Edmund
Aim: Edmund, wielding a +1 dire flail of protection and wearing a +2 chain mail of poison resistance (moderately wounded, ally target)
The roots erupt in riotous growth!
Roots grab Edmund.
The grasping roots constrict Edmund.
Edmund hits you with a +1 dire flail of protection!
You die...

.#.........# #...........##......
##.........# #...........#.......
#.........# #####.##.#######...#
#.........# #.##.#####...###
##.........# #.....##...### #
...........# ##.##.##...## #
...........# ###..##.###...### #
##.....÷...####....##..####...###
##.....÷...##...@#####.# ###...#
#####.##.....##.@..##.####...###
######..##..###..@.>#####...### #
.....##.#...###.....# #...## #
.....##...#.##......# ##...### #
.....##.#...........#######...###
........#.)............######...#
.....##.#.....).......##.........
.....##...#####<#####..#.#####...


You could see Edmund (rooted, ally target) and the friendly Edmund (summoned,
drained).

Vanquished Creatures
  5 adders
  2 dart slugs
  5 ball pythons
  4 endoplasms
  6 giant cockroaches
  6 goblins
  4 hobgoblins
  3 jackals (D:1)
  3 quokkas
  5 bats
  13 frilled lizards
  7 kobolds
  2 rats
65 creatures vanquished.

Vanquished Creatures (others)
  7 plants (D:3)
  5 withered plants (D:1)
12 creatures vanquished.

Grand Total: 77 creatures vanquished

Notes
Turn   | Place    | Note
-------+----------+-------------------------------------------
     0 | D:1      | Zeldest the Troll Chaos Knight began the quest for the Orb.
     0 | D:1      | Reached XP level 1. HP: 22/22 MP: 0/0
   197 | D:1      | Reached XP level 2. HP: 29/29 MP: 1/1
   203 | D:1      | XOM: silly message
   244 | D:1      | XOM: divination: detect creatures
   270 | D:1      | Found a faded altar of an unknown god.
   400 | D:1      | XOM: give mutations
   400 | D:1      | Gained mutation: You are partially covered in iridescent
                  | scales. (AC +2) [Xom's grace]
   400 | D:1      | Gained mutation: You have sharp toenails. [Xom's grace]
   491 | D:1      | XOM: god gift: brass wand {god gift}
   572 | D:1      | Reached skill level 1 in Throwing
   823 | D:2      | XOM: god gift: phantom mirror
   867 | D:2      | Reached XP level 3. HP: 36/36 MP: 2/2
   942 | D:2      | XOM: divination: detect items
   996 | D:2      | XOM: scenery: create altars
  1146 | D:2      | Reached skill level 4 in Unarmed Combat
  1381 | D:2      | XOM is BORED!
  1495 | D:2      | XOM: 3-stop teleportation journey
  1543 | D:3      | Reached XP level 4. HP: 36/44 MP: 3/3
  1815 | D:3      | XOM: scenery: summon butterflies
  2146 | D:4      | Noticed Edmund
  2159 | D:3      | HP: 2/45 [Edmund/+1 dire flail of protection (4)]
  2160 | D:3      | Slain by Edmund

Illustrated notes

Levels and vault maps discovered:
D:1:      ebering_trefoil_3fold, layout_basic, shapermc_ecumenical_altar_gd
D:2:      layout_basic, nicolae_underground_beach
D:3:      layout_rooms, serial_curves, eino_curves_03, eino_curves_01,
          roderic_serpentine_path, minmay_lizard_king
D:4:      layout_gridville, minmay_temple_entry_poolview, serial_shops,
          nicolae_shop_waterfront, gammafunk_ghost_mausoleum, uniq_edmund

Skill      XL: |  1  2  3  4 |
---------------+-------------+-----
Throwing       | 1 |  1.7
Unarmed Combat | 4 |  4.4
Fighting       | 3 |  3.0
Dodging        | |  1.9

Action                   |  1- 3 |  4- 6 || total
-------------------------+-------+-------++-------
Melee: Unarmed           |   104 |    57 ||   161
       Kick              |     7 |     4 ||    11
       Punch             |       |     1 ||     1
Evoke: Wand              |       |     5 ||     5
       Phantom mirror    |       |     1 ||     1
 Stab: Sleeping          |     2 |       ||     2
Armor: Robe              |    65 |    28 ||    93
Dodge: Dodged            |    72 |    21 ||    93
